 Dungeon Crawl Stone Soup version 0.28-a0-440-ge3cd3e9c68 (webtiles) character file.

Game seed: 17051881586017063934

333 gruber the Conjurer (level 6, -1/36 HPs)
             Began as an Octopode Conjurer on Sept 11, 2021.
             Was an Initiate of Vehumet.
             Slain by a killer bee (8 damage)
             ... on level 4 of the Dungeon.
             The game lasted 00:02:48 (4383 turns).

gruber the Conjurer (Octopode Conjurer)             Turns: 4383, Time: 00:02:49

Health: -1/36      AC:  1    Str:  6    XL:     6   Next: 53%
Magic:  7/10       EV: 13    Int: 23    God:    Vehumet [......]
Gold:   176        SH:  0    Dex: 10    Spells: 7/10 levels left

rFire   . . .      SeeInvis .   e - +1 dagger (venom)
rCold   . . .      Faith    .   (no shield)
rNeg    . . .      Spirit   .   (helmet restricted)
rPois   .          Reflect  .   (no amulet)
rElec   .          Harm     .   (no ring)
rCorr   .          Rampage  .   (no ring)
Will    .....                   (no ring)
Stlth   +++.......              (no ring)
HPRegen 0.12/turn               (no ring)
MPRegen 0.12/turn               (no ring)
                                (no ring)
                                (no ring)

@: lethally poisoned (-1 -> -20)
A: almost no armour, amphibious, 8 rings, camouflage 1, gelatinous body 1,
(nimble swimmer 1), tentacles
a: Renounce Religion


You were on level 4 of the Dungeon.
You worshipped Vehumet.
Vehumet was noncommittal.
You visited 1 branch of the dungeon, and saw 4 of its levels.

You collected 176 gold pieces.

Inventory:

Hand Weapons
 e - a +1 dagger of venom (weapon)
 o - a +1 short sword of electrocution
Wands
 a - a wand of flame (26)
 j - a wand of paralysis (6)
Scrolls
 f - 2 scrolls of fear {unknown}
 h - a scroll of identify {unknown}
 k - 3 scrolls of immolation {unknown}
 m - 2 scrolls of enchant armour {unknown}
 n - a scroll of teleportation {unknown}
Potions
 b - 3 potions of curing {unknown}
 c - a potion of might {unknown}
 d - 2 potions of flight {unknown}
 g - a potion of heal wounds {unknown}
 i - a potion of lignification {unknown}
 l - 2 potions of haste {unknown}


   Skills:
 - Level 2.0 Dodging
 - Level 2.6 Stealth
 + Level 2.9 Spellcasting
 * Level 7.2 Conjurations


You had 7 spell levels left.
You knew the following spells:

 Your Spells              Type           Power      Damage    Failure   Level
a - Magic Dart            Conj           100%       1d8       1%          1
b - Searing Ray           Conj           72%        2d7       1%          2

Your spell library contained the following spells:

 Spells                   Type           Power      Damage    Failure   Level
 Dazzling Flash           Conj/Hex       40%        N/A       8%          3
 Corpse Rot               Necr/Air       N/A        N/A       19%         2
 Poisonous Vapours        Pois/Air       6%         N/A       19%         2
 Fulminant Prism          Conj/Hex       10%        3d9       26%         4
 Iskenderun's Mystic Bla  Conj/Tloc      20%        2d6       26%         4
 Ozocubu's Armour         Ice            3%         N/A       34%         3
 Ozocubu's Refrigeration  Ice            1%         4d5       100%        7


Dungeon Overview and Level Annotations

Branches:
Dungeon (4/15)             Temple (0/1) D:4

Altars:
Dithmenos
Elyvilon
Sif Muna
Vehumet
Wu Jian


Innate Abilities, Weirdness & Mutations

You cannot wear most types of armour.
You are amphibious.
You can wear up to eight rings at the same time.
Your skin changes colour to match your surroundings (Stealth+).
Your rubbery body absorbs attacks. (AC +1, EV +1)
((You are camouflaged near water. (Stealth+)))
You have tentacles for arms and can constrict up to eight enemies at once.


Message History

You see here a ball python corpse.
You see here a +0 dagger.
Things that are here:
a +1 short sword of electrocution; 2 stones
o - a +1 short sword of electrocution
There is a dry fountain here.
An endoplasm and a killer bee come into view.
There are monsters nearby!
There are monsters nearby!
There are monsters nearby! 3 killer bees and a skeleton come into view.
The killer bee buzzes angrily.
The endoplasm quivers.
You hear a shout!
The killer bee stings you!
The killer bee moves out of view.
The killer bee stings you!
Casting: Magic Dart (safe; 1% risk of failure)
Confirm with . or Enter, or press ? or * to list all spells.
Aiming: Searing Ray (safe; 1% risk of failure)
Press: ? - help, Shift-Dir - straight line, f - endoplasm
Aim: an endoplasm (98% to hit)
The searing ray hits the killer bee.
The killer bee is moderately wounded.
The searing ray hits the killer bee!
The killer bee is heavily wounded.
The searing ray hits the endoplasm!
You kill the endoplasm!
Vehumet accepts your kill. (Press . to maintain the ray.)
The killer bee barely misses you. The killer bee stings you.
You are poisoned.
The killer bee poisons you!
The searing ray hits the killer bee!
The killer bee is almost dead.
You feel very sick. The killer bee stings you.
* * * LOW HITPOINT WARNING * * *
You are more poisoned.
The killer bee poisons you! The killer bee stings you!
You die...

#.....†.).....#.........
####..........##........
#.....⌠.....#......##
##..........##...###.
#...........#.###...
##........#####.....
#......### .......
##...### #...... #@###
#.....⌠ #y# ##.....
#y....... #.(...
##....... ##.... ..Z.y⌠.
#.... #!..... ##...
...... ...## #..... ###
.....


You could see 2 killer bees and a hound skeleton.

Vanquished Creatures
  Sigmund (D:2)
  An ogre (D:4)
  2 adders
  An ufetubus (D:4)
  An adder skeleton (D:4)
  4 dart slugs
  An orc (D:3)
  7 endoplasms
  A giant cockroach (D:3)
  2 hobgoblins (D:1)
  7 kobolds
  2 quokkas
  7 ball pythons
  6 bats
  2 frilled lizards
  8 goblins
53 creatures vanquished.

Vanquished Creatures (others)
  A fungus (D:2)
  A plant (D:2)
2 creatures vanquished.

Grand Total: 55 creatures vanquished

Notes
Turn   | Place    | Note
-------+----------+-------------------------------------------
     0 | D:1      | gruber the Octopode Conjurer began the quest for the Orb.
     0 | D:1      | Reached XP level 1. HP: 11/11 MP: 3/3
   653 | D:1      | Reached XP level 2. HP: 5/17 MP: 3/5
  1678 | D:2      | Found a faded altar of an unknown god.
  1717 | D:2      | Reached XP level 3. HP: 20/21 MP: 6/6
  1743 | D:1      | Learned a level 2 spell: Searing Ray
  2348 | D:2      | Reached skill level 5 in Conjurations
  2394 | D:2      | Noticed Sigmund
  2407 | D:2      | Killed Sigmund
  2408 | D:2      | Reached skill level 6 in Conjurations
  2408 | D:2      | Reached XP level 4. HP: 16/27 MP: 3/7
  2408 | D:2      | Reached XP level 5. HP: 18/31 MP: 3/8
  2934 | D:3      | Found a radiant altar of Vehumet.
  2996 | D:3      | Became a worshipper of Vehumet
  3364 | D:3      | Found a shadowy altar of Dithmenos.
  3576 | D:3      | Found a shimmering blue altar of Sif Muna.
  3917 | D:3      | Found an ornate altar of the Wu Jian Council.
  3956 | D:4      | Found a staircase to the Ecumenical Temple.
  4021 | D:4      | Noticed an ogre
  4031 | D:4      | Killed an ogre
  4032 | D:4      | Reached skill level 7 in Conjurations
  4032 | D:4      | Reached XP level 6. HP: 36/36 MP: 2/10
  4213 | D:4      | Found a white marble altar of Elyvilon.
  4383 | D:4      | Slain by a killer bee

Illustrated notes

Levels and vault maps discovered:
D:1:      ncdulo_wetmaze, layout_basic
D:2:      layout_loops_ring, shapermc_ecumenical_altar_gd, minmay_tetromino_l4,
          uniq_sigmund
D:3:      layout_loops_corners, lemuel_blue_sif_altar, grunt_dithmenos_smoke,
          nicolae_vehumet_radiance, nicolae_wu_jian_immortal_techniques,
          kennysheep_generic_room_3
D:4:      minmay_skewed_foursquare, layout_loops_ring,
          mainiacjoe_overflow_small_starburst, mainiacjoe_overflow_alcove_4,
          temple_fountains, uniq_blork_the_orc

Skill      XL: |  1  2  3  4  5 |
---------------+----------------+-----
Conjurations   | 6 7 |  7.2
Dodging        | |  2.0
Stealth        | |  2.6
Spellcasting   | |  2.9

Action                   |  1- 3 |  4- 6 || total
-------------------------+-------+-------++-------
Melee: Dagger            |    26 |    29 ||    55
       Unarmed           |     6 |       ||     6
       Constrict         |     9 |     7 ||    16
       Tentacles         |     6 |     3 ||     9
 Cast: Magic Dart        |    32 |    16 ||    48
       Searing Ray       |     2 |     5 ||     7
 Stab: Sleeping          |     2 |     2 ||     4
Armor: Skin              |     1 |     3 ||     4
Dodge: Dodged            |    20 |    27 ||    47

Table legend: (Time is in decaauts)
 A = Elapsed time spent in this place.
 B = Non-inter-level travel time spent in this place.
 C = Inter-level travel time spent in this place.
 D = Time resting spent in this place.
 E = Time spent auto-exploring this place.
 F = Levels seen in this place.
 G = Mean time per level.
                   A        B        C        D        E       F      G
               +--------+--------+--------+--------+--------+-----+--------+
         Total |   4376 |   4176 |    200 |    305 |   3536 |   4 | 1094.0 |
       Dungeon |   4376 |   4176 |    200 |    305 |   3536 |   4 | 1094.0 |
               +--------+--------+--------+--------+--------+-----+--------+

Top non-repeatable levels by time:
     D:1: 1720 daAuts
     D:3: 1233 daAuts
     D:2: 994 daAuts
     D:4: 426 daAuts
